| TOP OF THE 1ST |
|
Bluefield Blue Jays batting - Pitching for Texas (APP) Rangers : RHP Bobby Scott
|
|
Pitching: RHP Bobby Scott
|
|
|
Batting: LHB Jessie Stewart
|
0-0: Called Strike 0-1: Foul Ball, location: 2F 0-2: Strikes out swinging
|
|
Batting: SHB Toby Patenaude
|
0-0: Ball 1-0: Foul Ball, location: 2F 1-1: Called Strike 1-2: Strikes out looking
|
|
Batting: RHB Brandon Williams
|
0-0: Ball 1-0: Ball 2-0: Called Strike 2-1: Ground out 4-3 (Groundball, 4, EV 80.6 MPH)
|
| Top of the 1st over - 0 runs, 0 hits, 0 errors, 0 left on base; Bluefield 0 - Texas (APP) 0 |
| BOTTOM OF THE 1ST |
|
Texas (APP) Rangers batting - Pitching for Bluefield Blue Jays : RHP Bradley Carriere
|
|
Pitching: RHP Bradley Carriere
|
|
|
Batting: SHB Tim Rogers
|
0-0: Ball 1-0: Foul Ball, location: 2F 1-1: Ball 2-1: SOLO HOME RUN (Flyball, 9D, EV 98.1 MPH), Distance : 362 ft
|
|
Batting: RHB Robert Topete
|
0-0: Called Strike 0-1: Ball 1-1: Ball 2-1: Foul Ball, location: 2F 2-2: Ground out 5-3 (Groundball, 56, EV 88.1 MPH)
|
|
Batting: RHB Jerry Foster
|
0-0: Ball 1-0: Ball 2-0: Ball 3-0: Base on Balls
|
|
Batting: RHB Ron Squires
|
0-0: Called Strike 0-1: Hit by Pitch Jerry Foster to second
|
|
Batting: LHB Alex Rivera
|
0-0: Called Strike Jerry Foster steals 3rd base Ron Squires to second 0-1: Ball 1-1: Ball 2-1: Ball 3-1: Foul Ball, location: 2F 3-2: DOUBLE (Groundball, 3L, EV 97.5 MPH) Jerry Foster scores Ron Squires scores
|
|
Batting: RHB Josh Shoemaker
|
0-0: Ball 1-0: SINGLE (Groundball, 6, EV 101.9 MPH) Alex Rivera to third
|
|
Batting: RHB Pat Martin
|
0-0: Fielders Choice at 2nd, 1-6 (Groundball, 34S, EV 65.0 MPH)
|
|
Batting: LHB Bobby Scott
|
0-0: Swinging Strike 0-1: Fielders Choice at 2nd, 6-4 (Groundball, 6, EV 103.1 MPH)
|
| Bottom of the 1st over - 3 runs, 3 hits, 0 errors, 2 left on base; Bluefield 0 - Texas (APP) 3 |
| TOP OF THE 2ND |
|
Bluefield Blue Jays batting - Pitching for Texas (APP) Rangers : RHP Bobby Scott
|
|
Batting: RHB Cedric Nicholls
|
0-0: Fly out, F6 (Line Drive, 6, EV 65.0 MPH)
|
|
Batting: RHB Tom Bergman
|
0-0: Ball 1-0: Fly out, F6 (Popup, 6MS, EV 63.8 MPH)
|
|
Batting: RHB Benedikt Fleischmann
|
0-0: Swinging Strike 0-1: SINGLE (Line Drive, 5D, EV 99.4 MPH)
|
|
Batting: SHB Miguel Sano Jr.
|
0-0: Ball 1-0: Foul Ball, location: 2F 1-1: Foul Ball, location: 2F 1-2: Foul Ball, location: 2F 1-2: Ball 2-2: Strikes out swinging
|
| Top of the 2nd over - 0 runs, 1 hit, 0 errors, 1 left on base; Bluefield 0 - Texas (APP) 3 |
| BOTTOM OF THE 2ND |
|
Texas (APP) Rangers batting - Pitching for Bluefield Blue Jays : RHP Bradley Carriere
|
|
Batting: RHB Torsten Fisher
|
0-0: Ball 1-0: Ground out U3 (Groundball, 34, EV 81.2 MPH)
|
|
Batting: SHB Tim Rogers
|
0-0: Ball 1-0: SINGLE (Groundball, 6D, EV 101.9 MPH)
|
|
Batting: RHB Robert Topete
|
0-0: Called Strike 0-1: Fly out, F4 (Popup, 4M, EV 65.6 MPH)
|
|
Batting: RHB Jerry Foster
|
0-0: Called Strike 0-1: Called Strike 0-2: Foul Ball, location: 2F 0-2: Ground out U3 (Groundball, 34S, EV 90.6 MPH)
|
| Bottom of the 2nd over - 0 runs, 1 hit, 0 errors, 1 left on base; Bluefield 0 - Texas (APP) 3 |
| TOP OF THE 3RD |
|
Bluefield Blue Jays batting - Pitching for Texas (APP) Rangers : RHP Bobby Scott
|
|
Batting: RHB Jerry Perez
|
0-0: Called Strike 0-1: Fly out, F9 (Flyball, 9, EV 93.1 MPH)
|
|
Batting: LHB Edwin Esparza
|
0-0: Ball 1-0: Foul Ball, location: 2F 1-1: Ball 2-1: Foul Ball, location: 2F 2-2: Strikes out swinging
|
|
Batting: LHB Jessie Stewart
|
0-0: Ball 1-0: Called Strike 1-1: Called Strike 1-2: Strikes out swinging
|
| Top of the 3rd over - 0 runs, 0 hits, 0 errors, 0 left on base; Bluefield 0 - Texas (APP) 3 |
| BOTTOM OF THE 3RD |
|
Texas (APP) Rangers batting - Pitching for Bluefield Blue Jays : RHP Bradley Carriere
|
|
Batting: RHB Ron Squires
|
0-0: Swinging Strike 0-1: Ball 1-1: Ground out 6-3 (Groundball, P, EV 81.2 MPH)
|
|
Batting: LHB Alex Rivera
|
0-0: SOLO HOME RUN (Line Drive, 9LD, EV 95.6 MPH), Distance : 366 ft
|
|
Batting: RHB Josh Shoemaker
|
0-0: Ball 1-0: Ball 2-0: Ball 3-0: Base on Balls
|
|
Batting: RHB Pat Martin
|
0-0: Ball 1-0: Ball 2-0: Foul Ball, location: 2F 2-1: Fielders Choice at 2nd, 5-4 (Groundball, 56, EV 84.4 MPH)
|
|
Batting: LHB Bobby Scott
|
0-0: Ball 1-0: Called Strike 1-1: Fly out, F9 (Flyball, 9D, EV 95.0 MPH)
|
| Bottom of the 3rd over - 1 run, 1 hit, 0 errors, 1 left on base; Bluefield 0 - Texas (APP) 4 |
| TOP OF THE 4TH |
|
Bluefield Blue Jays batting - Pitching for Texas (APP) Rangers : RHP Bobby Scott
|
|
Batting: SHB Toby Patenaude
|
0-0: Fly out, F8 (Line Drive, 8RM, EV 93.8 MPH)
|
|
Batting: RHB Brandon Williams
|
0-0: Swinging Strike 0-1: Swinging Strike 0-2: Ball 1-2: Strikes out swinging
|
|
Batting: RHB Cedric Nicholls
|
0-0: Ball 1-0: Ground out 4-3 (Groundball, 4, EV 86.9 MPH)
|
| Top of the 4th over - 0 runs, 0 hits, 0 errors, 0 left on base; Bluefield 0 - Texas (APP) 4 |
| BOTTOM OF THE 4TH |
|
Texas (APP) Rangers batting - Pitching for Bluefield Blue Jays : RHP Bradley Carriere
|
|
Batting: RHB Torsten Fisher
|
0-0: Ball 1-0: Called Strike 1-1: SINGLE (Groundball, 6D, EV 101.9 MPH)
|
|
Batting: SHB Tim Rogers
|
0-0: Called Strike 0-1: Ground out 4-3 (Groundball, 13, EV 85.6 MPH) Torsten Fisher to second
|
|
Batting: RHB Robert Topete
|
0-0: Ball 1-0: Ball 2-0: Ball 3-0: Called Strike 3-1: 2-RUN HOME RUN (Flyball, 78XD, EV 101.9 MPH), Distance : 399 ft
|
|
Pitching: RHP Sergio Valdivia
|
|
|
Batting: RHB Jerry Foster
|
0-0: Ball 1-0: Ball 2-0: Foul Ball, location: 2F 2-1: Ball 3-1: Base on Balls
|
|
Batting: RHB Ron Squires
|
0-0: Ball 1-0: Foul Ball, location: 2F 1-1: Ball 2-1: Foul Ball, location: 2F 2-2: Ball 3-2: SINGLE (Groundball, 6D, EV 98.8 MPH) Jerry Foster to second Jerry Foster to third
|
|
Batting: LHB Alex Rivera
|
0-0: Called Strike 0-1: Foul Ball, location: 2F 0-2: Strikes out swinging
|
|
Batting: RHB Josh Shoemaker
|
0-0: Swinging Strike 0-1: Fly out, F9 (Flyball, 9, EV 93.1 MPH)
|
| Bottom of the 4th over - 2 runs, 3 hits, 0 errors, 2 left on base; Bluefield 0 - Texas (APP) 6 |
| TOP OF THE 5TH |
|
Bluefield Blue Jays batting - Pitching for Texas (APP) Rangers : RHP Bobby Scott
|
|
Batting: RHB Tom Bergman
|
0-0: Called Strike 0-1: Ball 1-1: Foul Ball, location: 2F 1-2: Strikes out swinging
|
|
Batting: RHB Benedikt Fleischmann
|
0-0: Ball 1-0: Called Strike 1-1: Foul Ball, location: 2F 1-2: Strikes out swinging
|
|
Batting: SHB Miguel Sano Jr.
|
0-0: Called Strike 0-1: Called Strike 0-2: Strikes out swinging
|
| Top of the 5th over - 0 runs, 0 hits, 0 errors, 0 left on base; Bluefield 0 - Texas (APP) 6 |
| BOTTOM OF THE 5TH |
|
Texas (APP) Rangers batting - Pitching for Bluefield Blue Jays : RHP Sergio Valdivia
|
|
Batting: RHB Pat Martin
|
0-0: Ball 1-0: Ground out 3-1 (Groundball, 34, EV 98.1 MPH)
|
|
Batting: LHB Bobby Scott
|
0-0: Ball 1-0: Ball 2-0: Ball 3-0: Base on Balls
|
|
Batting: RHB Torsten Fisher
|
0-0: Ball 1-0: Fielders Choice at 2nd, 6-4 (Groundball, 6M, EV 108.1 MPH)
|
|
Batting: SHB Tim Rogers
|
0-0: Ball 1-0: SINGLE (Groundball, 34S, EV 68.8 MPH) (infield hit) Torsten Fisher to second
|
|
Batting: RHB Robert Topete
|
0-0: Called Strike 0-1: Ball Passed Ball! Torsten Fisher to third Tim Rogers to second 1-1: Swinging Strike 1-2: Strikes out swinging
|
| Bottom of the 5th over - 0 runs, 1 hit, 0 errors, 2 left on base; Bluefield 0 - Texas (APP) 6 |
| TOP OF THE 6TH |
|
Bluefield Blue Jays batting - Pitching for Texas (APP) Rangers : RHP Bobby Scott
|
|
Batting: RHB Jerry Perez
|
0-0: Ball 1-0: Ball 2-0: Ground out 4-3 (Groundball, 4S, EV 73.1 MPH)
|
|
Batting: LHB Edwin Esparza
|
0-0: Called Strike 0-1: Called Strike 0-2: Ground out 2-3 (Groundball, 2L, EV 73.1 MPH)
|
|
Batting: LHB Jessie Stewart
|
0-0: Swinging Strike 0-1: Ball 1-1: Swinging Strike 1-2: Strikes out looking
|
| Top of the 6th over - 0 runs, 0 hits, 0 errors, 0 left on base; Bluefield 0 - Texas (APP) 6 |
| BOTTOM OF THE 6TH |
|
Texas (APP) Rangers batting - Pitching for Bluefield Blue Jays : RHP Sergio Valdivia
|
|
Batting: RHB Jerry Foster
|
0-0: Ball 1-0: Ball 2-0: Ground out 6-3 (Groundball, 6, EV 87.5 MPH)
|
|
Batting: RHB Ron Squires
|
0-0: Called Strike 0-1: Ball 1-1: Ball 2-1: Ground out 5-3 (Groundball, 56S, EV 75.0 MPH)
|
|
Batting: LHB Alex Rivera
|
0-0: Ball 1-0: Ball 2-0: Foul Ball, location: 2F 2-1: Called Strike 2-2: Ground out 6-3 (Groundball, 6, EV 86.9 MPH)
|
| Bottom of the 6th over - 0 runs, 0 hits, 0 errors, 0 left on base; Bluefield 0 - Texas (APP) 6 |
| TOP OF THE 7TH |
|
Bluefield Blue Jays batting - Pitching for Texas (APP) Rangers : RHP Bobby Scott
|
|
Batting: SHB Toby Patenaude
|
0-0: Called Strike 0-1: Ball 1-1: Swinging Strike 1-2: Strikes out swinging
|
|
Batting: RHB Brandon Williams
|
0-0: Foul Ball, location: 2F 0-1: Ball 1-1: Foul Ball, location: 2F 1-2: Ball 2-2: Foul Ball, location: 2F 2-2: Foul Ball, location: 2F 2-2: Fly out, F5 (Popup, 56S, EV 76.2 MPH)
|
|
Batting: RHB Cedric Nicholls
|
0-0: Called Strike 0-1: Foul Ball, location: 2F 0-2: Foul Ball, location: 2F 0-2: Ball 1-2: Ball 2-2: Ball 3-2: Strikes out swinging, 2-3 out at first.
|
| Top of the 7th over - 0 runs, 0 hits, 0 errors, 0 left on base; Bluefield 0 - Texas (APP) 6 |
| BOTTOM OF THE 7TH |
|
Texas (APP) Rangers batting - Pitching for Bluefield Blue Jays : RHP Sergio Valdivia
|
|
Batting: RHB Josh Shoemaker
|
0-0: Ball 1-0: Called Strike 1-1: Swinging Strike 1-2: Ball 2-2: Ball 3-2: Strikes out swinging
|
|
Batting: RHB Pat Martin
|
0-0: Called Strike 0-1: Ball 1-1: Ball 2-1: Ground out 4-3 (Groundball, 4, EV 83.8 MPH)
|
|
Batting: LHB Bobby Scott
|
0-0: Ball 1-0: Swinging Strike 1-1: Ball 2-1: Ball 3-1: Swinging Strike 3-2: Base on Balls
|
|
Batting: RHB Torsten Fisher
|
0-0: Ground out 1-3 (Groundball, P, EV 65.0 MPH)
|
| Bottom of the 7th over - 0 runs, 0 hits, 0 errors, 1 left on base; Bluefield 0 - Texas (APP) 6 |
| TOP OF THE 8TH |
|
Bluefield Blue Jays batting - Pitching for Texas (APP) Rangers : RHP Bobby Scott
|
|
Batting: RHB Tom Bergman
|
0-0: Swinging Strike 0-1: Foul Ball, location: 2F 0-2: Ball 1-2: Strikes out looking
|
|
Pitching: RHP Marty Nelson
|
|
|
Batting: RHB Benedikt Fleischmann
|
0-0: Called Strike 0-1: Ball 1-1: Swinging Strike 1-2: Strikes out swinging
|
|
Batting: SHB Miguel Sano Jr.
|
0-0: Ball 1-0: Foul Ball, location: 2F 1-1: Called Strike 1-2: Foul Ball, location: 2F 1-2: Ball 2-2: Strikes out swinging
|
| Top of the 8th over - 0 runs, 0 hits, 0 errors, 0 left on base; Bluefield 0 - Texas (APP) 6 |
| BOTTOM OF THE 8TH |
|
Texas (APP) Rangers batting - Pitching for Bluefield Blue Jays : RHP Sergio Valdivia
|
|
Pitching: RHP Nick Ford
|
|
|
Batting: SHB Tim Rogers
|
0-0: Ball 1-0: SINGLE (Groundball, 25, EV 67.5 MPH) (infield hit)
|
|
Batting: RHB Robert Topete
|
0-0: Called Strike 0-1: Ball Tim Rogers steals 2nd base (no throw) 1-1: Foul Ball, location: 2F 1-2: Foul Ball, location: 2F 1-2: Ball 2-2: Foul Ball, location: 2F 2-2: Foul Ball, location: 2F 2-2: Ball 3-2: SINGLE (Line Drive, 6D, EV 98.1 MPH) Tim Rogers to third
|
|
Batting: RHB Jerry Foster
|
0-0: Called Strike 0-1: Ball 1-1: Ball 2-1: Ball 3-1: Foul Ball, location: 2F 3-2: Base on Balls Robert Topete to second
|
|
Batting: RHB Ron Squires
|
0-0: Ball 1-0: Ball 2-0: Called Strike 2-1: Fly out, F4 (Popup, 4D, EV 61.2 MPH)
|
|
Batting: LHB Alex Rivera
|
0-0: Ball 1-0: Ball 2-0: Ball 3-0: Foul Ball, location: 2F 3-1: Called Strike 3-2: GRAND SLAM HOME RUN (Flyball, 9D, EV 98.8 MPH), Distance : 373 ft
|
|
Pitching: RHP Tim Donovan
|
|
|
Batting: RHB Josh Shoemaker
|
0-0: Swinging Strike 0-1: Called Strike 0-2: Ball 1-2: Ball 2-2: Strikes out swinging
|
|
Batting: RHB Pat Martin
|
0-0: DOUBLE (Line Drive, 89D, EV 103.8 MPH)
|
|
Batting: LHB Bobby Scott
|
0-0: Fly out, F8 (Flyball, 89M, EV 86.2 MPH)
|
| Bottom of the 8th over - 4 runs, 4 hits, 0 errors, 1 left on base; Bluefield 0 - Texas (APP) 10 |
| TOP OF THE 9TH |
|
Bluefield Blue Jays batting - Pitching for Texas (APP) Rangers : RHP Marty Nelson
|
|
Pinch Hitting: RHB Jim Sabin
|
0-0: Ball 1-0: Swinging Strike 1-1: Foul Ball, location: 2F 1-2: Strikes out swinging
|
|
Batting: LHB Edwin Esparza
|
0-0: Ball 1-0: Swinging Strike 1-1: Called Strike 1-2: Ball 2-2: Foul Ball, location: 2F 2-2: Ball 3-2: Fly out, F2 (Popup, 15S, EV 86.9 MPH)
|
|
Batting: LHB Jessie Stewart
|
0-0: Foul Ball, location: 2F 0-1: Called Strike 0-2: Strikes out swinging
|
| Top of the 9th over - 0 runs, 0 hits, 0 errors, 0 left on base; Bluefield 0 - Texas (APP) 10 |
|